 Dungeon Crawl Stone Soup version 0.23.2-1-ga50397a6bc (webtiles) character file.

Game seed: 10058573598885867705

9153 Peloso the Carver (level 11, -1/95 HPs)
             Began as a Minotaur Fighter on May 12, 2019.
             Was a High Priest of Okawaru.
             Slain by a 13-headed hydra (10 damage)
             ... on level 14 of the Dungeon.
             The game lasted 00:28:23 (10877 turns).

Peloso the Carver (Minotaur Fighter)               Turns: 10877, Time: 00:28:23

Health: -1/95      AC: 14    Str: 22    XL:     11   Next: 19%
Magic:  0/10       EV: 19    Int:  5    God:    Okawaru [*****.]
Gold:   334        SH: 13    Dex: 17    Spells: 10/10 levels left

rFire    . . .     SeeInvis .   a - +2 scimitar (freeze)
rCold    . . .     Gourm    .   c - +1 shield
rNeg     . . .     Faith    .   C - +1 chain mail "Yzxix" {rPois}
rPois    +         Spirit   +   (helmet restricted)
rElec    .         Reflect  .   g - scarf {Spirit}
rCorr    .         Harm     .   L - +0 pair of gloves
MR       .....                  (no boots)
Stlth    ..........             (no amulet)
HPRegen  0.25/turn              i - +4 ring of evasion
MPRegen  0.12/turn              (no ring)

@: agile
A: retaliatory headbutt, horns 2
a: Heroism, Finesse, Renounce Religion


You were on level 14 of the Dungeon.
You worshipped Okawaru.
Okawaru was extremely pleased with you.
You were hungry.

You visited 2 branches of the dungeon, and saw 13 of its levels.
You also visited: Bailey.

You collected 528 gold pieces.
You spent 194 gold pieces at shops.

Inventory:

Hand Weapons
 a - a +2 scimitar of freezing (weapon)
 N - the +6 fustibalus of the Mushroom {venom, Stlth+, unknown}
   (Okawaru gifted it to you on level 10 of the Dungeon)

   It poisons the ammo it fires.
   It makes you more stealthy.
Armour
 b - a +0 scale mail
 c - a +1 shield (worn)
 g - a scarf of spirit shield (worn)
 A - a +0 plate armour
 C - the +1 chain mail "Yzxix" (worn) {rPois}
   (You bought it in a shop on level 6 of the Dungeon)

   It protects you from poison.
 K - a +0 cloak
 L - a +0 pair of gloves (worn)
Jewellery
 e - an uncursed ring of ice
 i - a +4 ring of evasion (left hand)
 q - an uncursed ring of fire
Wands
 l - a wand of digging (3)
 u - a wand of polymorph (18)
 w - a wand of flame (3)
 x - a wand of random effects (30)
 B - a wand of acid (2)
 I - a wand of enslavement (17)
Scrolls
 d - 2 scrolls of random uselessness {unknown}
 j - 4 scrolls of enchant armour
 k - 3 scrolls of enchant weapon {unknown}
 m - a scroll of magic mapping
 o - 3 scrolls of fear
 p - 3 scrolls of fog {unknown}
 r - 2 scrolls of blinking {unknown}
 s - 6 scrolls of remove curse
 t - a scroll of amnesia {unknown}
 y - a scroll of brand weapon {unknown}
 D - 3 scrolls of teleportation {unknown}
Potions
 h - 2 potions of heal wounds
 n - 2 potions of agility
 v - a potion of mutation
 z - a potion of cancellation
 H - a potion of magic
 J - a potion of ambrosia
 M - a potion of invisibility
Miscellaneous
 E - a lamp of fire
 F - a phantom mirror
 G - a phial of floods
Comestibles
 f - 21 rations
 O - 3 chunks of flesh


   Skills:
 + Level 8.4 Fighting
 + Level 12.9 Long Blades
 + Level 10.2 Armour
 + Level 4.5 Dodging
 + Level 2.1 Stealth
 + Level 9.6 Shields
 + Level 1.1 Invocations
 + Level 0.4 Evocations


You had 10 spell levels left.
You didn't know any spells.
Your spell library contained the following spells:

 Spells                   Type           Power        Failure   Level  Hunger
 Animate Skeleton         Necr           N/A          100%        1    ##.....
 Apportation              Tloc           #.....       100%        1    ##.....
 Beastly Appendage        Tmut           #.....       100%        1    ##.....
 Confusing Touch          Hex            #.....       100%        1    ##.....
 Summon Small Mammal      Summ           #...         100%        1    ##.....
 Sticks to Snakes         Tmut           #.......     100%        2    ###....
 Spider Form              Tmut/Pois      #.........   100%        3    ####...
 Ice Form                 Ice/Tmut       #.......     100%        4    #####..
 Summon Lightning Spire   Summ/Air       #.......     100%        4    #####..
 Blade Hands              Tmut           #.........   100%        5    ######.
 Silence                  Hex/Air        #.........   100%        5    ######.
 Conjure Ball Lightning   Conj/Air       #.........   100%        6    #######
 Deflect Missiles         Chrm/Air       #.........   100%        6    #######
 Tornado                  Air            #.........   100%        9    #######


Dungeon Overview and Level Annotations

Branches:
Dungeon (11/15)            Temple (1/1) D:4            Lair (0/6) D:10
    Orc (0/2) D:10

Altars:
Ashenzari
Cheibriados
Elyvilon
Fedhas
Gozag
Hepliaklqana
Kikubaaqudgha
Nemelex Xobeh
Okawaru
Ru
Sif Muna
Trog
Uskayaw
Vehumet
Xom
Yredelemnul
Zin
The Shining One
Beogh

Shops:
D:4 =   D:6 [   D:7 [   D:10 [

Annotations:
D:7 3 runed translucent doors, voshxz's ghost, novice SpEn
D:9 3 runed translucent doors, Ykky's ghost, novice FoFi


Innate Abilities, Weirdness & Mutations

You reflexively headbutt those who attack you in melee.
You have a pair of horns on your head.


Message History

The 11-headed hydra grows two more!
You slash the 13-headed hydra! You freeze the 13-headed hydra.
You headbutt the 13-headed hydra!
The 13-headed hydra is almost dead.
Unknown command.
You don't have enough magic at the moment.
You feel much better.
The 13-headed hydra completely misses you.
You riposte.
You barely miss the 13-headed hydra.
The 13-headed hydra is almost dead.
The 13-headed hydra closely misses you. You block the 13-headed hydra's attack.
The 13-headed hydra bites you.
* * * LOW HITPOINT WARNING * * *
The 13-headed hydra closely misses you. The 13-headed hydra bites you!
* * * LOW HITPOINT WARNING * * *
The 13-headed hydra bites you.
* * * LOW HITPOINT WARNING * * *
You block the 13-headed hydra's attack. The 13-headed hydra bites you.
* * * LOW HITPOINT WARNING * * *
You block the 13-headed hydra's attack. The 13-headed hydra bites you!
You die...

###
#@#
#D##
#:#
##


You could see a 13-headed hydra.

Vanquished Creatures
  A two-headed ogre (D:9)
  A tengu warrior (D:14)
  A guardian serpent (shapeshifter) (D:14)
  Psyche (D:8)
  Joseph (D:7)
  A queen bee (D:8)
  A hippogriff (D:7)
  A wyvern (D:10)
  3 hungry ghosts
  A hog (shapeshifter) (D:14)
  2 wargs (D:10)
  A soldier ant (D:9)
  2 ice beasts
  10 orc warriors
  4 sky beasts
  2 ogres
  5 centaurs
  3 phantoms
  A big kobold (D:7)
  8 bullfrogs
  A wyvern skeleton (D:10)
  16 killer bees (D:8)
  4 wights (D:9)
  2 electric eels (D:5)
  6 crimson imps
  A centaur zombie (D:10)
  2 hounds
  A quasit (D:11)
  3 jellies
  4 orc priests
  A bullfrog skeleton (D:10)
  2 centaur skeletons
  2 iguanas
  Jessica (D:5)
  Terence (D:2)
  8 orc wizards
  5 worker ants
  A worker ant zombie (D:7)
  4 gnolls
  11 adders
  A shadow imp (D:7)
  4 oozes
  3 adder skeletons
  2 worms
  6 leopard geckos
  40 orcs
  5 bats
  6 giant cockroaches
  8 goblins
  8 hobgoblins
  8 jackals
  9 kobolds
  2 ball pythons
  5 frilled lizards
  2 quokka skeletons
  A quokka zombie (D:7)
  12 rats
  A butterfly (D:6)
  A plant (D:5)
250 creatures vanquished.

Vanquished Creatures (others)
  A sky beast (D:10)
1 creature vanquished.

Grand Total: 251 creatures vanquished

Notes
Turn   | Place    | Note
-------+----------+-------------------------------------------
     0 | D:1      | Peloso the Minotaur Fighter began the quest for the Orb.
     0 | D:1      | Reached XP level 1. HP: 19/19 MP: 0/0
   158 | D:1      | Reached XP level 2. HP: 27/27 MP: 1/1
   301 | D:1      | You fall through a shaft!
   406 | D:2      | Reached XP level 3. HP: 26/33 MP: 2/2
   569 | D:2      | Noticed Terence
   574 | D:2      | Killed Terence
   574 | D:2      | Reached skill level 3 in Long Blades
   615 | D:2      | Reached XP level 4. HP: 39/40 MP: 3/3
  2579 | D:4      | Noticed an ogre
  2585 | D:4      | Killed an ogre
  2585 | D:4      | Reached skill level 4 in Long Blades
  2585 | D:4      | Reached skill level 1 in Dodging
  2585 | D:4      | Reached XP level 5. HP: 25/47 MP: 2/4
  2630 | D:4      | Found a snail-covered altar of Cheibriados.
  2633 | D:4      | Reached skill level 5 in Shields
  2633 | D:4      | Reached XP level 6. HP: 17/53 MP: 3/5
  3172 | D:4      | Found a staircase to the Ecumenical Temple.
  3186 | Temple   | Entered the Ecumenical Temple
  3207 | Temple   | Became a worshipper of Warmaster Okawaru
  3449 | D:4      | Found Ithri's Jewellery Shop.
  3550 | D:4      | Found an opulent altar of Gozag.
  3552 | D:4      | Reached skill level 5 in Armour
  3646 | D:5      | Entered Level 5 of the Dungeon
  3666 | D:5      | Reached skill level 5 in Long Blades
  3685 | D:5      | Noticed Jessica
  3704 | D:5      | Found a deep blue altar of Sif Muna.
  3720 | D:5      | Killed Jessica
  3751 | D:5      | Found a bloodstained altar of Trog.
  4001 | D:5      | Noticed an ice beast
  4017 | D:5      | Killed an ice beast
  4017 | D:5      | Reached * piety under Okawaru
  4017 | D:5      | Reached skill level 5 in Fighting
  4017 | D:5      | Reached XP level 7. HP: 18/61 MP: 1/6
  4164 | D:5      | Found a transporter.
  4536 | D:5      | Found a transporter.
  5352 | D:6      | Found a shimmering altar of Xom.
  5399 | D:6      | Reached skill level 6 in Long Blades
  5871 | D:6      | Reached XP level 8. HP: 41/69 MP: 4/7
  5881 | D:6      | Found Kenge's Armour Shop.
  5891 | D:6      | Bought the cursed +1 chain mail "Yzxix" {rPois} for 194
                  | gold pieces
  6307 | D:6      | Reached ** piety under Okawaru
  6438 | D:6      | Reached skill level 7 in Long Blades
  6636 | D:6      | Found a basalt altar of Yredelemnul.
  6772 | D:7      | Found Otzoi's Armour Shop.
  6812 | D:7      | Reached skill level 8 in Long Blades
  6821 | D:7      | Noticed Joseph
  6833 | D:7      | Killed Joseph
  6833 | D:7      | Reached *** piety under Okawaru
  6833 | D:7      | Reached XP level 9. HP: 47/75 MP: 4/8
  6845 | D:7      | Found a flagged portal.
  6864 | Bailey   | Entered a bailey
  7006 | Bailey   | Reached skill level 1 in Stealth
  7058 | Bailey   | Reached skill level 9 in Long Blades
  7064 | Bailey   | Found a bloodstained altar of Trog.
  7156 | D:7      | Found a white marble altar of Elyvilon.
  7208 | D:7      | Found a runed translucent gate.
  7211 | D:7      | Reached **** piety under Okawaru
  7211 | D:7      | Reached skill level 1 in Invocations
  7242 | D:7      | Reached skill level 10 in Long Blades
  7463 | D:7      | Found a runed translucent gate.
  7463 | D:7      | Found a runed translucent gate.
  7475 | D:7      | Noticed voshxz's ghost (novice SpEn)
  8186 | D:7      | Found a roughly hewn altar of Beogh.
  8311 | D:8      | Noticed Psyche
  8319 | D:8      | Killed Psyche
  8339 | D:8      | Reached skill level 11 in Long Blades
  8343 | D:8      | Reached ***** piety under Okawaru
  8359 | D:8      | Reached XP level 10. HP: 61/86 MP: 9/9
  9108 | D:9      | Found a glowing golden altar of the Shining One.
  9109 | D:9      | Found a deep blue altar of Sif Muna.
  9342 | D:9      | Found a runed translucent gate.
  9343 | D:9      | Found a runed translucent gate.
  9344 | D:9      | Found a runed translucent gate.
  9345 | D:9      | Noticed Ykky's ghost (novice FoFi)
  9892 | D:9      | Noticed a two-headed ogre
  9901 | D:9      | Killed a two-headed ogre
  9901 | D:9      | Reached skill level 12 in Long Blades
  9964 | D:10     | Entered Level 10 of the Dungeon
 10029 | D:10     | Received a gift from Okawaru
 10047 | D:10     | Got a dazzling fustibalus {god gift}
 10069 | D:10     | Found Dejac's Armour Emporium.
 10071 | D:10     | Found a staircase to the Orcish Mines.
 10115 | D:10     | Found a staircase to the Lair.
 10369 | D:10     | Identified the +1 robe of Caihiwud {+Blink +Fly rPois MR+}
 10375 | D:10     | Reached skill level 10 in Armour
 10375 | D:10     | Reached XP level 11. HP: 93/94 MP: 10/10
 10837 | D:11     | You fall through a shaft for 3 floors!
 10837 | D:14     | Noticed a tengu warrior
 10854 | D:14     | Killed a tengu warrior
 10854 | D:14     | Noticed a harpy
 10855 | D:14     | a harpy changed into a shapeshifter
 10865 | D:14     | Noticed a seven-headed hydra
 10877 | D:14     | Slain by a 13-headed hydra

Skill      XL: |  1  2  3  4  5  6  7  8  9 10 11 |
---------------+----------------------------------+-----
Armour         | 4 5 6 7 8 10 | 10.2
Fighting       | 4 5 6 7 8 |  8.4
Shields        | 4 5 6 7 8 9 |  9.6
Long Blades    | 3 4 5 6 8 11 12 | 12.9
Dodging        | 1 2 3 4 |  4.5
Stealth        | 1 2 |  2.1
Invocations    | 1 |  1.1
Evocations     | |  0.4

Action                   |  1- 3 |  4- 6 |  7- 9 | 10-12 || total
-------------------------+-------+-------+-------+-------++-------
Melee: Long sword        |    53 |   136 |    96 |       ||   285
       Headbutt          |    11 |    25 |    72 |    74 ||   182
       Scimitar          |       |       |   226 |   306 ||   532
Invok: Heroism           |       |       |     5 |     2 ||     7
Evoke: Wand              |       |       |     5 |       ||     5
  Use: Potion            |       |     1 |       |     4 ||     5
       Scroll            |       |       |     9 |     7 ||    16
  Eat: Chunk             |       |     6 |    13 |     4 ||    23
       Ration            |       |     1 |     1 |     1 ||     3
Armor: Scale mail        |    36 |    48 |    23 |       ||   107
       Plate armour      |       |       |    33 |       ||    33
       Chain mail        |       |       |    53 |    87 ||   140
Dodge: Dodged            |    26 |    37 |    76 |    95 ||   234
Block: Shield            |    25 |    79 |   170 |   179 ||   453
       Rpst.: Long sword |     9 |     8 |     7 |       ||    24
       Scimitar          |       |       |    12 |    21 ||    33
